 Dungeon Crawl Stone Soup version 0.27-a0-96-gb51a1d6fd6 (webtiles) character file.

Game seed: 12074207040690356232

8 knot the Chopper (level 2, 14/24 HPs)
             Began as a Demonspawn Berserker on Jan 19, 2021.
             Was a Follower of Trog.
             Quit the game on level 1 of the Dungeon.
             The game lasted 00:00:23 (776 turns).

knot the Chopper (Demonspawn Berserker)              Turns: 776, Time: 00:00:23

Health: 14/24      AC:  2    Str: 17    XL:     2   Next: 0%
Magic:  2/2        EV: 12    Int:  8    God:    Trog [*.....]
Gold:   38         SH:  0    Dex: 12    Spells: 1/1 levels left

rFire    . . .     SeeInvis .   a - +0 hand axe
rCold    . . .     Faith    .   (no shield)
rNeg     . . .     Spirit   .   b - +0 animal skin
rPois    .         Reflect  .   (no helmet)
rElec    .         Harm     .   (no cloak)
rCorr    .         Rampage  .   (no gloves)
Will     .....                  (no boots)
Stlth    +.........             (no amulet)
HPRegen  0.08/turn              (no ring)
MPRegen  0.08/turn              (no ring)

@: no status effects
A: claws 1
a: Renounce Religion, Berserk


You were on level 1 of the Dungeon.
You worshipped Trog.
Trog was aware of your devotion.
You visited 1 branch of the dungeon, and saw 1 of its levels.

You collected 38 gold pieces.

Inventory:

Hand Weapons
 a - a +0 hand axe (weapon)
Missiles
 d - a stone
Armour
 b - a +0 animal skin (worn)
Scrolls
 e - 2 scrolls of amnesia {unknown}
 f - 2 scrolls of enchant armour {unknown}
 g - a scroll of remove curse {unknown}
Potions
 c - a potion of curing {unknown}
 h - 4 potions of haste {unknown}
 i - a potion of might {unknown}


   Skills:
 - Level 3.0 Fighting
 + Level 3.2 Axes
 - Level 1.7 Armour
 - Level 1.7 Dodging


You had one spell level left.
You didn't know any spells.
Your spell library was empty.

Dungeon Overview and Level Annotations

Branches:
Dungeon (1/15)

Altars:


Innate Abilities, Weirdness & Mutations

You have sharp fingernails.


Message History

There is an open door here.
You open the door.
There is an open door here.
A rat comes into view.
A rat is nearby!
A rat is nearby!
You closely miss the rat. The rat bites you.
You hit the rat but do no damage. The rat bites you.
You barely miss the rat. The rat bites you.
You closely miss the rat. The rat bites you.
You hit the rat.
The rat is heavily wounded.
The rat bites you.
You hit the rat.
You kill the rat!
Trog accepts your kill.
You have reached level 2!
Your demonic ancestry asserts itself...
Your fingernails lengthen.
Are you sure you want to abandon this character and quit the game? (Confirm with "yes".)

.....###.#..........########
.....'..............'......#
.....###.#...##.....########
.....# #.###.##.....# ######
#.# #.######## #
#.###'####### #
#.##........# #
#.##......$.### #
#+##.....@†...# #
#..........# # ##+#####...#
# #...# # #...# #######
#...# ......# #...# ......#
####...############ ......#
........##.........


There were no monsters in sight!

Vanquished Creatures
  2 goblins (D:1)
  3 bats (D:1)
  A kobold (D:1)
  3 rats (D:1)
9 creatures vanquished.

Notes
Turn   | Place    | Note
-------+----------+-------------------------------------------
     0 | D:1      | knot the Demonspawn Berserker began the quest for the Orb.
     0 | D:1      | Reached XP level 1. HP: 18/18 MP: 1/1
   776 | D:1      | Gained mutation: You have sharp fingernails. [demonic
                  | ancestry]
   776 | D:1      | Reached XP level 2. HP: 14/24 MP: 2/2
   776 | D:1      | Quit the game

Illustrated notes

Levels and vault maps discovered:
D:1:      dpeg_arrival_orchard, layout_basic

Skill      XL: |  1 |
---------------+----+-----
Axes           | 3 |  3.2
Fighting       | |  3.0
Armour         | |  1.7
Dodging        | |  1.7

Action                   || total
-------------------------++-------
Melee: Hand axe          ||    34
Armor: Animal skin       ||    13
Dodge: Dodged            ||    21

Table legend: (Time is in decaauts)
 A = Elapsed time spent in this place.
 B = Non-inter-level travel time spent in this place.
 C = Inter-level travel time spent in this place.
 D = Time resting spent in this place.
 E = Time spent auto-exploring this place.
 F = Levels seen in this place.
 G = Mean time per level.
                   A        B        C        D        E       F      G
               +--------+--------+--------+--------+--------+-----+--------+
         Total |    780 |    780 |      0 |      0 |    702 |   1 |  780.0 |
       Dungeon |    780 |    780 |      0 |      0 |    702 |   1 |  780.0 |
               +--------+--------+--------+--------+--------+-----+--------+

Top non-repeatable levels by time:
     D:1: 780 daAuts
